 Dungeon Crawl Stone Soup version 0.27.1-37-g7b29ead8ac (webtiles) character file.

Game seed: 969886590100123002

347 cbfl8 the Chopper (level 6, -1/51 HPs)
             Began as a Minotaur Gladiator on June 2, 2023.
             Engulfed by a steam dragon's steam (9 damage)
             ... on level 4 of the Dungeon.
             The game lasted 00:02:43 (3265 turns).

cbfl8 the Chopper (Minotaur Gladiator)              Turns: 3265, Time: 00:02:44

Health: -1/51      AC:  6    Str: 18    XL:     6   Next: 33%
Magic:  5/5        EV: 12    Int:  5    God:
Gold:   142        SH:  0    Dex: 14    Spells: 5/5 levels left

rFire    . . .     SeeInvis .   a - +0 war axe
rCold    . . .     Faith    .   (no shield)
rNeg     . . .     Spirit   .   g - +0 ring mail
rPois    .         Reflect  .   c - +0 hat
rElec    .         Harm     .   (no cloak)
rCorr    .         Rampage  .   f - +0 pair of gloves
Will     .....                  (no boots)
Stlth    +.........             e - amulet of the acrobat
HPRegen  0.17/turn              (no ring)
MPRegen  0.09/turn              (no ring)

@: no status effects
A: horns 2, retaliatory headbutt
a: no special abilities


You were on level 4 of the Dungeon.
You visited 1 branch of the dungeon, and saw 5 of its levels.

You collected 142 gold pieces.

Inventory:

Hand Weapons
 a - a +0 war axe (weapon)
Missiles
 d - 3 throwing nets
Armour
 c - a +0 hat (worn)
 f - a +0 pair of gloves (worn)
 g - a +0 ring mail (worn)
Jewellery
 e - an amulet of the acrobat (around neck)
Wands
 k - a wand of charming (3) (quivered)
 p - a wand of flame (10)
Scrolls
 h - a scroll of teleportation
 i - a scroll of identify {unknown}
 j - a scroll of enchant weapon {unknown}
 l - 2 scrolls of amnesia {unknown}
 q - a scroll of acquirement {unknown}
Potions
 b - a potion of brilliance {unknown}
 m - a potion of heal wounds {unknown}
 n - 2 potions of curing {unknown}
 o - a potion of lignification {unknown}


   Skills:
 + Level 3.1 Fighting
 + Level 6.0 Axes
 + Level 2.1 Throwing
 + Level 2.4 Armour
 + Level 4.2 Dodging
 + Level 1.4 Stealth
 * Level 2.2 Evocations


You had 5 spell levels left.
You didn't know any spells.
Your spell library was empty.

Dungeon Overview and Level Annotations

Branches:
Dungeon (5/15)
 Temple: D:4-7

Altars:
Dithmenos
Kikubaaqudgha
Xom

Annotations:
D:4 Natasha


Innate Abilities, Weirdness & Mutations

You have a pair of horns on your head.
You reflexively headbutt those who attack you in melee.


Message History

You kill the jackal!
The steam dragon barely misses you. You furiously retaliate!
You headbutt the steam dragon, but do no damage.
The steam dragon claws you but does no damage.
Your Axes skill increases to level 6!
You are too injured to fight recklessly!
Unknown command.
You are too injured to fight recklessly!
Unknown command.
You are too injured to fight recklessly!
Unknown command.
You are too injured to fight recklessly!
You barely miss the steam dragon.
The steam dragon is lightly wounded.
The steam dragon breathes steam at you. The ball of steam hits you!
You slash the steam dragon!
The steam dragon is heavily wounded.
You are engulfed in a cloud of scalding steam.
* * * LOW HITPOINT WARNING * * *
The steam dragon bites you.
* * * LOW HITPOINT WARNING * * *
The steam dragon claws you.
* * * LOW HITPOINT WARNING * * *
Unknown command.
You hit the steam dragon but do no damage.
The steam dragon is heavily wounded.
You are engulfed in a cloud of scalding steam.
The steam dragon barely misses you.
The steam dragon claws you but does no damage.
Unknown command.
You barely miss the steam dragon.
The steam dragon is heavily wounded.
The steam dragon misses you. The steam dragon barely misses you.
The steam dragon breathes steam at you. The ball of steam misses you.
You slash the steam dragon!
The steam dragon is severely wounded.
You are engulfed in a cloud of scalding steam.
You die...

.##.#..........
................
.........§......
........../.....
......§§§.......
##.....§.§#.....
#......$§§......
.......§§§......
..>....†@.......
.......[D.......
...
....##S.........
....
..h.............
#.h.
...........##.#.
#..Jh
##.......... ..#
...##............
.. . #
.g....#......#..
..##.
#....#..#####...


You could see a steam dragon and an adder.

Vanquished Creatures
  2 ogres
  Natasha (D:4)
  7 adders
  A worm (D:3)
  A dart slug (D:1)
  4 orcs (D:3)
  8 ball pythons
  10 endoplasms
  2 giant cockroaches
  8 goblins
  10 hobgoblins
  4 jackals (D:4)
  2 quokkas (D:1)
  5 bats
  7 frilled lizards
  5 kobolds
  4 rats
81 creatures vanquished.

Notes
Turn   | Place    | Note
-------+----------+-------------------------------------------
     0 | D:1      | cbfl8 the Minotaur Gladiator began the quest for the Orb.
     0 | D:1      | Reached XP level 1. HP: 18/18 MP: 0/0
   163 | D:1      | Reached skill level 4 in Axes
   163 | D:1      | Reached XP level 2. HP: 25/25 MP: 1/1
   312 | D:1      | Found a faded altar of an unknown god.
   617 | D:1      | Reached XP level 3. HP: 26/30 MP: 2/2
   827 | D:2      | Reached skill level 1 in Evocations
   983 | D:2      | Reached XP level 4. HP: 25/37 MP: 3/3
  1192 | D:2      | Noticed an ogre
  1200 | D:2      | Killed an ogre
  1201 | D:2      | Reached skill level 5 in Axes
  1201 | D:2      | Reached skill level 1 in Armour
  1201 | D:2      | Reached skill level 1 in Stealth
  1201 | D:2      | Reached XP level 5. HP: 19/44 MP: 4/4
  2179 | D:3      | Found an ancient bone altar of Kikubaaqudgha.
  2216 | D:3      | Found a shimmering altar of Xom.
  2567 | D:3      | Found a shadowy altar of Dithmenos.
  2833 | D:4      | Noticed Natasha
  2837 | D:4      | Killed Natasha
  2853 | D:4      | Noticed an ogre
  2859 | D:4      | Killed an ogre
  2860 | D:4      | Reached XP level 6. HP: 38/51 MP: 5/5
  2958 | D:4      | Noticed a steam dragon
  2968 | D:4      | Noticed Natasha
  2973 | D:5      | Entered Level 5 of the Dungeon
  3261 | D:4      | Reached skill level 6 in Axes
  3265 | D:4      | Engulfed by a steam dragon's steam

Illustrated notes

Levels and vault maps discovered:
D:1:      scummos_arrival_gate, layout_loops_ring,
          shapermc_ecumenical_altar_venn, roderic_roman_lattice
D:2:      layout_basic, minmay_nonomino_d4
D:3:      layout_basic, grunt_dithmenos_smoke_and_mirrors,
          nicolae_kikubaaqudgha_miasma_corner, mainiacjoe_overflow_cross_hatched
D:4:      layout_cave_pools, hangedman_decor_push, uniq_natasha,
          uniq_crazy_yiuf_cottage
D:5:      layout_loops_corners, corexii_shack, uniq_sigmund

Skill      XL: |  1  2  3  4  5  6 |
---------------+-------------------+-----
Axes           | 4 5 6 |  6.0
Evocations     | 1 2 |  2.2
Armour         | 1 2 |  2.4
Stealth        | 1 |  1.4
Dodging        | 4 |  4.2
Fighting       | 3 |  3.1
Throwing       | |  2.1

Action                   |  1- 3 |  4- 6 || total
-------------------------+-------+-------++-------
Melee: War axe           |    49 |    83 ||   132
       Headbutt          |     7 |    11 ||    18
Evoke: Wand              |       |     4 ||     4
  Use: Scroll            |       |     1 ||     1
 Stab: Sleeping          |     3 |       ||     3
Armor: Leather armour    |    12 |     2 ||    14
       Ring mail         |       |    24 ||    24
Dodge: Dodged            |    42 |    84 ||   126
